 Dungeon Crawl Stone Soup version 0.21.0-25-ge575cb9 (webtiles) character file.

116 Moloch the Skirmisher (level 4, -5/37 HPs)
             Began as a Mummy Fighter on Jan 22, 2018.
             Killed from afar by Terence (15 damage)
             ... with a wand of flame (19)
             ... on level 2 of the Dungeon.
             The game lasted 00:02:30 (1865 turns).

Moloch the Skirmisher (Mummy Fighter)               Turns: 1865, Time: 00:02:31

Health: -5/37      AC:  6    Str: 19    XL:     4   Next: 69%
Magic:  4/4        EV:  7    Int:  7    God:
Gold:   70         SH:  8    Dex: 12    Spells: 3/3 levels left

rFire    x . .     SeeInvis .   a - +0 trident
rCold    + . .     Gourm    .   c - +0 shield
rNeg     + + +     Faith    .   b - +0 scale mail
rPois    ∞         Spirit   .   (no helmet)
rElec    .         Reflect  .   f - scarf {cloud immunity}
rCorr    .         Harm     .   (no gloves)
MR       .....                  (no boots)
Stlth    ..........             (no amulet)
HPRegen  0.12/turn              (no ring)
MPRegen  0.09/turn              (no ring)

@: no status effects
A: no food or potions, fire vulnerability, cold resistance 1, negative energy
resistance 3, torment resistance, unbreathing
a: no special abilities


You were on level 2 of the Dungeon.
You were not hungry.

You visited 1 branch of the dungeon, and saw 2 of its levels.

You collected 70 gold pieces.

Inventory:

Hand Weapons
 a - a +0 trident (weapon)
Armour
 b - a +0 scale mail (worn)
 c - a +0 shield (worn)
 f - a scarf of cloud immunity (worn)
Scrolls
 d - a scroll of teleportation {unknown}
 e - 3 scrolls of identify {unknown}
 g - a scroll of noise {unknown}
 h - a scroll of magic mapping {unknown}
 i - a scroll of remove curse {unknown}


   Skills:
 + Level 3.9 Fighting
 * Level 3.5 Polearms
 - Level 2.4 Armour
 - Level 2.4 Shields


You had 3 spell levels left.
You didn't know any spells.

Dungeon Overview and Level Annotations

Branches:
Dungeon (2/15)

Altars:
Makhleb
Xom

Annotations:
D:2 Terence


Innate Abilities, Weirdness & Mutations

You do not eat or drink.
Your flesh is vulnerable to fire.
You are immune to poison.
Your flesh is cold resistant. (rC+)
You are immune to negative energy. (rN+++)
You are immune to unholy pain and torment.
You can survive without breathing.


Message History

You hit Terence.
Terence is moderately wounded.
Terence zaps a wand.
The puff of flame hits you! The fire burns you terribly!
You are too injured to fight recklessly!
You are too injured to fight recklessly!
You are too injured to fight recklessly!
You are too injured to fight recklessly!
You are too injured to fight recklessly!
You are too injured to fight recklessly!
You are too injured to fight recklessly!
You are too injured to fight recklessly!
You are too injured to fight recklessly!
You are too injured to fight recklessly!
You are too injured to fight recklessly!
You are too injured to fight recklessly!
You are too injured to fight recklessly!
Terence zaps a wand.
The puff of flame hits you! The fire burns you terribly!
* * * LOW HITPOINT WARNING * * *
Terence zaps a wand.
The puff of flame hits you! The fire burns you terribly!
You die...

#.# #.# #.# #.#
#.# #.# #.# #.#
################@#
.............@...#
################.#
###


You could see Terence.

Vanquished Creatures
  4 adders (D:2)
  An ooze (D:1)
  A worm (D:1)
  3 dart slugs (D:1)
  A ball python (D:1)
  7 bats
  2 giant cockroaches
  8 goblins
  6 hobgoblins
  12 jackals
  4 kobolds
  A quokka (D:1)
  7 frilled lizards
  7 rats
64 creatures vanquished.

Notes
Turn   | Place    | Note
-------+----------+-------------------------------------------
     0 | D:1      | Moloch the Mummy Fighter began the quest for the Orb.
     0 | D:1      | Reached XP level 1. HP: 18/18 MP: 1/1
    93 | D:1      | Reached XP level 2. HP: 24/24 MP: 2/2
   488 | D:1      | Reached XP level 3. HP: 29/29 MP: 3/3
  1312 | D:2      | Reached XP level 4. HP: 31/37 MP: 4/4
  1380 | D:2      | Found a burning altar of Makhleb.
  1452 | D:2      | Found a shimmering altar of Xom.
  1845 | D:2      | Noticed Terence
  1865 | D:2      | Killed from afar by Terence

Skill      XL: |  1  2  3 |
---------------+----------+-----
Polearms       | 2 3 |  3.5
Fighting       | |  3.9
Armour         | |  2.4
Shields        | |  2.4

Action                   |  1- 3 |  4- 6 || total
-------------------------+-------+-------++-------
Melee: Trident           |   181 |    51 ||   232
Armor: Scale mail        |   102 |    15 ||   117
Dodge: Dodged            |    70 |    13 ||    83
Block: Shield            |   111 |    18 ||   129
